 Dungeon Crawl Stone Soup version 0.28.0-1-gb440e238dd (webtiles) character file.

Game seed: 12339655611099738517

8 spaghetti the Ruffian (level 2, -1/21 HPs)
             Began as an Octopode Berserker on Feb 20, 2022.
             Was a Follower of Trog.
             Slain by a rat (2 damage)
             ... on level 1 of the Dungeon.
             The game lasted 00:00:18 (156 turns).

spaghetti the Ruffian (Octopode Berserker)           Turns: 156, Time: 00:00:18

Health: -1/21      AC:  1    Str: 16    XL:     2   Next: 8%
Magic:  2/2        EV: 13    Int:  9    God:    Trog [*.....]
Gold:   0          SH:  0    Dex: 11    Spells: 1/1 levels left

rFire   . . .      SeeInvis .     - Unarmed
rCold   . . .      Faith    .   (no shield)
rNeg    . . .      Spirit   .   (helmet restricted)
rPois   .          Reflect  .   (no amulet)
rElec   .          Harm     .   (no ring)
rCorr   .          Rampage  .   (no ring)
Will    .....                   (no ring)
Stlth   ++........              (no ring)
HPRegen 0.07/turn               (no ring)
MPRegen 0.08/turn               (no ring)
                                (no ring)
                                (no ring)

@: no status effects
A: almost no armour, amphibious, 8 rings, camouflage 1, gelatinous body 1,
(nimble swimmer 1), tentacles
a: Renounce Religion, Berserk


You were on level 1 of the Dungeon.
You worshipped Trog.
Trog was aware of your devotion.
You visited 1 branch of the dungeon, and saw 1 of its levels.

Inventory:

Potions
 a - a potion of curing {unknown}


   Skills:
 - Level 3.0 Fighting
 - Level 3.0 Dodging
 + Level 3.5 Unarmed Combat


You had one spell level left.
You didn't know any spells.
Your spell library was empty.

Dungeon Overview and Level Annotations

Branches:
Dungeon (1/15)

Altars:


Innate Abilities, Weirdness & Mutations

You cannot wear most types of armour.
You are amphibious.
You can wear up to eight rings at the same time.
Your skin changes colour to match your surroundings (Stealth+).
Your rubbery body absorbs attacks. (AC +1, EV +1)
((You are camouflaged when in or above water. (Stealth+)))
You have tentacles for arms and can constrict up to eight enemies at once.


Message History

No target in view!
No target in view!
A hobgoblin is nearby!
A hobgoblin comes into view.
A ball python comes into view.
The ball python hisses angrily.
The rat closely misses you. The ball python bites you.
The ball python barely misses you.
You closely miss the ball python.
The hobgoblin shouts! x2
You grab the ball python. You squeeze the ball python.
You kill the ball python!
Trog accepts your kill. The rat barely misses you.
You have reached level 2!
You closely miss the hobgoblin. You grab the hobgoblin.
You constrict the hobgoblin, but do no damage.
The hobgoblin barely misses you. The rat bites you.
You tentacle-slap the hobgoblin.
The hobgoblin is severely wounded.
You constrict the hobgoblin. The hobgoblin hits you. The rat bites you.
* * * LOW HITPOINT WARNING * * *
The hobgoblin hits you.
* * * LOW HITPOINT WARNING * * *
You tentacle-slap the hobgoblin but do no damage.
The hobgoblin is almost dead.
You constrict the hobgoblin.
You kill the hobgoblin!
Trog accepts your kill. The rat closely misses you. The hobgoblin misses you.
Unknown command.
You tentacle-slap the hobgoblin but do no damage.
Your grab misses the hobgoblin.
You tentacle-slap the hobgoblin, but do no damage.
The rat closely misses you.
You bludgeon the hobgoblin!
You kill the hobgoblin!
Trog accepts your kill. The rat bites you.
You die...

#..........#
#..........#
#..........#
#..........#
#..........#
#..........### ##
#....††r......
...#
#.....@.......
.#...
#######....####
(.....#†......####
........###.###
............#
..........######
......##.......###
.........##......#
.....$#.......##.#


You could see a rat.

Vanquished Creatures
  2 ball pythons (D:1)
  A bat (D:1)
  An endoplasm (D:1)
  2 hobgoblins (D:1)
  A frilled lizard (D:1)
  A kobold (D:1)
8 creatures vanquished.

Notes
Turn   | Place    | Note
-------+----------+-------------------------------------------
     0 | D:1      | spaghetti the Octopode Berserker began the quest for the
                  | Orb.
     0 | D:1      | Reached XP level 1. HP: 16/16 MP: 1/1
   152 | D:1      | Reached XP level 2. HP: 12/21 MP: 2/2
   153 | D:1      | HP: 1/21 [hobgoblin (4)]
   156 | D:1      | Slain by a rat

Illustrated notes

Levels and vault maps discovered:
D:1:      lemuel_arrival_rhombus, layout_rooms, chequers_ecumenical_altar_simple

Action                   || total
-------------------------++-------
Melee: Unarmed           ||    16
       Constrict         ||     4
       Tentacles         ||     3
       Punch             ||     2
Armor: Skin              ||     2
Dodge: Dodged            ||    10
